 Dungeon Crawl Stone Soup version 0.29-a0-409-gd843f3a48c (webtiles) character file.

Game seed: 11973502014823112419

37 spiderkeys the Skirmisher (level 3, 0/29 HPs)
             Began as a Mummy Abyssal Knight on May 14, 2022.
             Was a Believer of Lugonu.
             Slain by Sigmund
             ... wielding a +0 scythe
              (11 damage)
             ... on level 3 of the Dungeon.
             The game lasted 00:02:16 (2081 turns).

spiderkeys the Skirmisher (Mummy Abyssal Knight)    Turns: 2081, Time: 00:02:17

Health: 0/29       AC:  6    Str: 16    XL:     3   Next: 23%
Magic:  4/4        EV: 11    Int: 15    God:    Lugonu [**....]
Gold:   143        SH:  0    Dex: 14    Spells: 2/2 levels left

rFire   x . .      SeeInvis .   a - +1 short sword
rCold   + . .      Faith    +   (no shield)
rNeg    + + +      Spirit   .   e - +0 ring mail
rPois   ∞          Reflect  .   (no helmet)
rElec   .          Harm     .   (no cloak)
rCorr   +          Rampage  .   i - +0 pair of gloves
Will    .....                   (no boots)
Stlth   ..........              T - amulet of faith {!P}
HPRegen 0.09/turn               I - +6 ring of intelligence
MPRegen 0.09/turn               R - ring of resist corrosion

@: confused
A: cold resistance 1, negative energy resistance 3, torment resistance 2, heat
vulnerability 1, in touch with death 1, no potions
a: Renounce Religion, Depart the Abyss, Bend Space


You were on level 3 of the Dungeon.
You worshipped Lugonu.
Lugonu was pleased with you.
You visited 1 branch of the dungeon, and saw 3 of its levels.
You visited the Abyss 1 time.

You collected 143 gold pieces.


Innate Abilities, Weirdness & Mutations

You are immune to poison.
Your flesh is cold resistant. (rC+)
You are immune to negative energy. (rN+++)
You are immune to unholy pain and torment.
You are vulnerable to heat. (rF-)
You are in touch with the powers of death.
You do not drink.


   Skills:
 + Level 3.3 Fighting
 + Level 2.0 Short Blades
 - Level 1.5 Armour
 + Level 1.4 Dodging
 + Level 2.1 Invocations


You had 2 spell levels left.
You didn't know any spells.
Your spell library was empty.

Inventory:

Hand Weapons
 a - a +1 short sword (weapon)
Missiles
 f - 75 stones
 k - 2 silver boomerangs
Armour
 b - a +0 leather armour
 e - a +0 ring mail (worn)
   (You found it on level 1 of the Dungeon)
 g - a +0 leather armour
   (You found it on level 1 of the Dungeon)
 h - a +0 leather armour
   (You found it on level 1 of the Dungeon)
 i - a +0 pair of gloves (worn)
   (You found it on level 2 of the Dungeon)
 l - a +0 plate armour
   (You found it on level 3 of the Dungeon)
Jewellery
 I - a +6 ring of intelligence (left hand)
   (You found it on level 1 of the Dungeon)
 R - a ring of resist corrosion (right hand)
   (You found it on level 1 of the Dungeon)
 T - an amulet of faith (around neck) {!P}
   (You found it on level 2 of the Dungeon)
Scrolls
 c - a scroll of teleportation {@r4}
 j - a scroll of noise {!r}
 m - a scroll of torment

Dungeon Overview and Level Annotations

Branches:
Dungeon (3/15)

Altars:
Xom

Annotations:
D:3 Sigmund

##..... #......
#....... #######
#....... #.....#
#.....####.....# ##
##.....##.......# .#
###.........#.....##.#
#....<....###.....#..#
..........# #...@†...#
.#.....## ###.##..##
##.).## #.#...#
#####!### #...#.#
........## #..##.#
###...#..# #..#..#
##.#.##.## #.)##.##
#..#.....####..##.#
#.##.##....##..##.#


There were no monsters in sight!


Message History

Things that are here:
a +0 dagger; a goblin corpse 😕 HP[+1]
Things that are here:
a +0 dagger; a goblin corpse You see here a brown potion.
Key pressed, stopping explore.
l - a +0 plate armour You now have 132 gold pieces (gained 17).
Key pressed, stopping explore.
A dart slug comes into view. 😎 HP[+4]
Your hp is fully restored (29).
A dart slug is nearby!
The dart slug launches a dart at you. The slug dart hits you. 😕 HP[-1]
You take 1 damage, and now have 28/29 hp.
You hit the dart slug.
The dart slug bites you but does no damage.
You hit the dart slug.
You kill the dart slug!
Lugonu accepts your kill.
No target in view!
No target in view!
You now have 143 gold pieces (gained 11).
Key pressed, stopping explore.
A bat comes into view. 😎 HP[+1]
Your hp is fully restored (29).
A bat is nearby!
The bat barely misses you. The bat hits you but does no damage.
You hit the bat.
You kill the bat!
Lugonu accepts your kill.
No target in view!
No target in view!
No target in view!
You see here a bat corpse.
m - a scroll labelled ROKUUC JUAZIGH Sigmund the Dreaded comes into view.
He is wielding a +0 scythe.
Sigmund shouts!
Throw: 2 boomerangs (silver)
Press: ? - help, Shift-Dir - straight line, f - Sigmund
Aim: Sigmund, wielding a +0 scythe and wearing a +0 robe (55% to hit)
You throw a silver boomerang.
The silver boomerang closely misses Sigmund.
Throw: 2 boomerangs (silver)
Press: ? - help, Shift-Dir - straight line, f/p - Sigmund
Aim: Sigmund, wielding a +0 scythe and wearing a +0 robe (55% to hit)
You throw a silver boomerang.
The silver boomerang closely misses Sigmund.
Throw: 2 boomerangs (silver)
Press: ? - help, Shift-Dir - straight line, f/p - Sigmund
Aim: Sigmund, wielding a +0 scythe and wearing a +0 robe (55% to hit)
You throw a silver boomerang.
The silver boomerang closely misses Sigmund.
Throw: 2 boomerangs (silver)
Press: ? - help, Shift-Dir - straight line, f/p - Sigmund
Aim: Sigmund, wielding a +0 scythe and wearing a +0 robe (55% to hit)
You throw a silver boomerang.
The silver boomerang closely misses Sigmund.
Sigmund closely misses you.
Okay, then.
As you read the scroll labelled MUAROI UWAU, it crumbles to dust.
It is a scroll of identify.
j - a scroll of noise
As you read the scroll of identify {@r1}, it crumbles to dust.
m - a scroll of torment Sigmund drinks a potion.
Sigmund flickers and vanishes!
Deactivating autopickup; reactivate with Ctrl-A.
As you read the scroll of identify {@r1}, it crumbles to dust.
c - a scroll of teleportation Something hits you but does no damage.
You hear some strange, mumbled words.
You are confused.
You can't drink.
Unknown command.
You hear some strange, mumbled words.
You are more confused.
Something hits you! 😮 HP[-9]
You take 9 damage, and now have 20/29 hp.
MASSIVE DAMAGE!! (PAUSE)
You hear some strange, mumbled words.
A puff of flame appears from out of thin air!
The puff of flame hits you! The fire burns you terribly!
* * * LOW HITPOINT WARNING * * *
😨 HP[-9]
You take 9 damage, and now have 11/29 hp.
MASSIVE DAMAGE!! (PAUSE)
You bump into the rock wall.
Something hits you.
* * * LOW HITPOINT WARNING * * *
😨 HP[-1]
You take 1 damage, and now have 10/29 hp.
Unknown command.
Something completely misses you. Something hits you!
You die...

Skill      XL: |  1  2 |
---------------+-------+-----
Dodging        | 1 |  1.4
Invocations    | 2 |  2.1
Short Blades   | 2 |  2.0
Fighting       | |  3.3
Armour         | |  1.5

Action                   || total
-------------------------++-------
Melee: Short sword       ||   106
Throw: Boomerang         ||     4
  Use: Scroll            ||     3
Armor: Ring mail         ||    52
Dodge: Dodged            ||    58

Levels and vault maps discovered:
D:1:      tarquinn_simple_flora_water_c, layout_loops_ring,
          ebering_ecumenical_altar_mist, minmay_misc_feat_room
D:2:      layout_loops_ring
D:3:      layout_rooms, xom_redecorated, grunt_ministairs_10, uniq_sigmund

Notes
Turn   | Place    | Note
-------+----------+-------------------------------------------
     0 | Abyss:1  | spiderkeys the Mummy Abyssal Knight began the quest for the
                  | Orb.
     0 | Abyss:1  | Reached XP level 1. HP: 18/18 MP: 2/2
     0 | Abyss:1  | magus.rc [v1.11.3]
    43 | Abyss:1  | Noticed an iron imp
    66 | D:1      | You pass through the gate.
    66 | D:1      | Escaped the Abyss
   165 | D:1      | Found a faded altar of an unknown god.
   315 | D:1      | Reached skill level 1 in Dodging
   339 | D:1      | Reached XP level 2. HP: 17/24 MP: 3/3
  1738 | D:2      | Reached skill level 2 in Invocations
  1863 | D:3      | Found a shimmering altar of Xom.
  1936 | D:3      | Reached skill level 2 in Short Blades
  1936 | D:3      | Gained mutation: You are in touch with the powers of death.
                  | [Mummy growth]
  1936 | D:3      | Reached XP level 3. HP: 24/29 MP: 4/4
  2059 | D:3      | Noticed Sigmund
  2081 | D:3      | Slain by Sigmund

Vanquished Creatures
  An adder (D:3)
  A dart slug (D:3)
  2 ball pythons (D:1)
  3 endoplasms
  A giant cockroach (D:2)
  5 goblins
  A hobgoblin (D:1)
  2 kobolds (D:1)
  A quokka (D:2)
  3 bats
  2 frilled lizards (D:2)
  3 rats
25 creatures vanquished.

Table legend:
 A = Non-vault XP
 B = Vault XP
 C = Vault XP percentage of total XP
 D = Non-vault monster count
 E = Vault monster count
 F = Vault count percentage of total count
                 A         B        C        D         E       F
            +---------+---------+-------+---------+---------+-------
      Total |      54 |       0 |   0.0 |      25 |       0 |   0.0
            +---------+---------+-------+---------+---------+-------
        D:1 |      17 |       0 |   0.0 |      10 |       0 |   0.0
        D:2 |      14 |       0 |   0.0 |       9 |       0 |   0.0
        D:3 |      23 |       0 |   0.0 |       6 |       0 |   0.0
            +---------+---------+-------+---------+---------+-------

Illustrated notes

Table legend:
 A = Kills in this place as a percentage of kills in entire the game.
 B = Kills by you in this place as a percentage of kills by you in the entire game.
 C = Kills by friends in this place as a percentage of kills by friends in the entire game.
 D = Other kills in this place as a percentage of other kills in the entire game.
 E = Experience gained in this place as a percentage of experience gained in the entire game.
 F = Experience gained in this place divided by the number of levels of this place that you have seen.
                   A       B       C       D       E      F
               +-------+-------+-------+-------+-------+----------------------
         Total | 100.0 | 100.0 |   N/A |   N/A | 100.0 |  13.5
       Dungeon | 100.0 | 100.0 |   N/A |   N/A | 100.0 |  18.0
               +-------+-------+-------+-------+-------+----------------------

Table legend: (Time is in decaauts)
 A = Elapsed time spent in this place.
 B = Non-inter-level travel time spent in this place.
 C = Inter-level travel time spent in this place.
 D = Time resting spent in this place.
 E = Time spent auto-exploring this place.
 F = Levels seen in this place.
 G = Mean time per level.
                   A        B        C        D        E       F      G
               +--------+--------+--------+--------+--------+-----+--------+
         Total |   2081 |   2048 |     33 |      0 |   1777 |   4 |  520.2 |
       Dungeon |   2015 |   1982 |     33 |      0 |   1734 |   3 |  671.7 |
         Abyss |     66 |     66 |      0 |      0 |     43 |   1 |   66.0 |
               +--------+--------+--------+--------+--------+-----+--------+

Top non-repeatable levels by time:
     D:2: 1026 daAuts
     D:1: 770 daAuts
     D:3: 219 daAuts
 Abyss:1: 66 daAuts
